Map: Ephemeron LE

Players

Denver

  • Race: Zerg Zerg
  • League: Master
  • Spawn Location: 5:00

AGOElazer (Elazer) - Winner!

  • Race: Zerg Zerg
  • League: Master
  • Spawn Location: 11:00

VOD

Have the link to the VOD?

Description

Time

  • Played on: Jan. 14, 2020, 12:13 p.m.
  • Length: 9:42
Show
View Real Time Build Order
Export as new Build Order

Denver Zerg 

Build Orders: Hatch First, Zergling Baneling 

Get SALT Encoding   

  12  0:00  Drone  
  13  0:12  Overlord  
  13  0:17  Drone  
  14  0:30  Drone  
  14  0:31  Drone  
  16  0:47  Hatchery  
  15  0:51  Drone  
  15  0:55  Drone  
  17  0:58  Drone  
  18  1:08  Extractor  
  17  1:12  Spawning Pool  
  17  1:16  Drone  
  17  1:19  Drone  
  18  1:28  Drone  
  19  1:38  Drone  
  20  1:49  Drone  
  21  1:59  Queen  
  21  2:00  Queen, Overlord  
  21  2:01  Zergling x2  
  26  2:07  Metabolic Boost  
  26  2:10  Drone  
  26  2:11  Drone  
  28  2:20  Drone  
  28  2:21  Drone  
  30  2:37  Drone  
  30  2:38  Drone  
  30  2:40  Hatchery  
  31  2:44  Baneling Nest  
  31  2:47  Zergling x2  
  31  2:49  Drone  
  32  2:53  Overlord  
  32  2:56  Zergling x2  
  33  3:05  Zergling x4  
  35  3:08  Drone  
  35  3:12  Overlord  
  36  3:15  Zergling x6  
  38  3:21  Queen  
  38  3:24  Zergling x2  
  38  3:25  Zergling x2  
  42  3:28  Baneling  
  42  3:29  Baneling  
  42  3:33  Zergling x2  
  42  3:34  Zergling x2  
  44  3:42  Zergling x10  
  49  3:49  Zergling x4  
  49  3:55  Baneling x3  
  51  3:57  Overlord  
  51  4:01  Zergling x2  
  51  4:02  Zergling x6  
  55  4:05  Baneling  
  55  4:06  Baneling  
  55  4:10  Drone x2  
  53  4:30  Zergling x4  
  49  4:36  Zergling x16  
  52  4:40  Baneling x3  
  52  4:43  Zergling x6  
  53  4:48  Zergling x2  
  53  4:51  Drone  
  53  4:55  Evolution Chamber  
  53  4:56  Drone, Roach Warren  
  53  4:58  Drone  
  53  5:05  Drone x2  
  55  5:08  Overlord  
  55  5:11  Drone  
  55  5:12  Drone, Overlord  
  57  5:15  Overlord  
  56  5:27  Drone x3  
  54  5:32  Drone  
  54  5:33  Drone x4  
  54  5:35  Zerg Missile Weapons Level 1  
  54  5:36  Drone x2  
  54  5:38  Drone  
  54  5:40  Extractor  
  54  5:41  Extractor  
  54  5:43  Drone x2  
  54  5:44  Drone  
  54  5:47  Drone x2  
  59  5:53  Drone  
  59  5:54  Drone x3  
  63  5:59  Overlord  
  63  6:06  Drone  
  63  6:07  Overlord  
  63  6:09  Drone x7  
  71  6:15  Drone x4  
  75  6:18  Lair  
  75  6:23  Drone x2  
  75  6:24  Drone  
  78  6:28  Extractor  
  78  6:30  Baneling  
  77  6:32  Extractor  
  77  6:33  Extractor  
  77  6:37  Overlord  
  75  6:43  Drone  
  75  6:44  Hatchery, Drone x2, Overlord  
  75  6:45  Roach  
  79  6:48  Roach x2  
  79  6:52  Roach x2  
  85  6:54  Overlord  
  85  6:58  Roach x2  
  85  6:59  Roach  
  91  7:03  Roach x2  
  91  7:08  Roach x4  
  102  7:13  Spine Crawler  
  102  7:15  Roach x3  
  105  7:17  Spine Crawler  
  105  7:18  Glial Reconstitution  
  104  7:25  Roach x2  
  104  7:26  Roach x2  
  104  7:28  Overlord  
  112  7:31  Roach  
  114  7:37  Roach x2  
  114  7:38  Overlord  
  114  7:41  Overlord  
  120  7:44  Roach x2  
  120  7:45  Overlord x2  
  120  7:49  Drone x2  
  120  7:50  Evolution Chamber  
  123  7:53  Overlord  
  123  7:55  Roach x2  
  123  7:56  Roach  
  123  7:58  Overlord  
  129  8:09  Roach x4  
  135  8:15  Roach x3  
  141  8:23  Roach  
  141  8:24  Roach  
  142  8:28  Roach x2  
  142  8:32  Roach  
  142  8:33  Roach x2  
  146  8:39  Roach x2  
  136  8:42  Roach x2  
  136  8:48  Roach x3  
  134  8:54  Roach x2  
  128  8:57  Roach x2  
  128  9:02  Roach  
  128  9:04  Queen  
  128  9:07  Roach  
  120  9:13  Roach  
  120  9:14  Roach x3  
  120  9:16  Ravager x2  
  130  9:17  Ravager  
Show
View Real Time Build Order
Export as new Build Order

AGOElazer Zerg - Winner!

Build Orders: Hatch First 

Get SALT Encoding   

  12  0:00  Drone  
  13  0:12  Overlord  
  13  0:16  Drone  
  14  0:30  Drone x2  
  16  0:48  Hatchery  
  15  0:51  Drone  
  15  0:54  Drone  
  17  0:58  Drone  
  18  1:09  Extractor  
  17  1:13  Spawning Pool  
  17  1:16  Drone  
  17  1:20  Drone  
  18  1:28  Drone  
  19  1:38  Drone  
  20  1:49  Drone  
  21  2:00  Queen x2, Overlord, Drone  
  26  2:09  Metabolic Boost  
  26  2:10  Drone  
  26  2:12  Zergling x2  
  28  2:23  Drone x2  
  30  2:32  Zergling x2  
  30  2:34  Hatchery  
  30  2:40  Drone  
  30  2:43  Drone x2  
  33  2:53  Overlord  
  33  2:54  Drone  
  34  3:04  Drone x2  
  36  3:11  Zergling x12  
  42  3:15  Queen  
  42  3:19  Baneling Nest  
  43  3:21  Overlord  
  43  3:26  Drone  
  44  3:40  Zergling x2, Drone  
  46  3:41  Drone x4  
  46  3:45  Zergling x8  
  52  3:53  Zergling x2  
  53  3:57  Queen x2  
  57  4:03  Baneling x3  
  57  4:04  Overlord  
  57  4:11  Baneling x2  
  57  4:14  Overlord  
  57  4:21  Zergling x2  
  57  4:22  Zergling x4  
  50  4:34  Drone x11  
  60  4:43  Drone  
  61  4:45  Drone x2  
  61  4:52  Extractor  
  61  4:55  Evolution Chamber  
  61  4:57  Drone x3  
  63  5:03  Extractor  
  63  5:05  Roach Warren  
  61  5:09  Zergling x12  
  67  5:16  Baneling x2  
  65  5:21  Zerg Missile Weapons Level 1  
  65  5:22  Overlord  
  65  5:24  Drone x4  
  67  5:29  Drone x3  
  67  5:33  Drone  
  68  5:38  Drone  
  68  5:41  Drone x2  
  71  5:44  Lair, Overlord  
  71  5:50  Extractor  
  71  5:54  Roach x2  
  74  5:57  Roach  
  74  6:03  Drone x2  
  78  6:08  Overlord  
  78  6:13  Drone x5  
  78  6:15  Overlord  
  78  6:18  Extractor  
  82  6:22  Roach x4  
  82  6:25  Overlord  
  89  6:27  Pneumatized Carapace  
  89  6:30  Overlord  
  89  6:33  Roach x2  
  89  6:37  Overlord  
  89  6:39  Roach x4  
  101  6:44  Overlord  
  101  6:47  Glial Reconstitution  
  101  6:50  Overlord  
  101  6:52  Overseer  
  101  6:54  Overlord  
  101  6:56  Drone  
  101  6:57  Drone x5  
  101  6:59  Hatchery  
  101  7:00  Drone  
  101  7:01  Evolution Chamber  
  106  7:02  Overlord  
  106  7:05  Overlord  
  106  7:07  Roach x3  
  112  7:11  Overlord  
  112  7:15  Extractor, Drone x3  
  114  7:18  Zerg Missile Weapons Level 2  
  114  7:19  Overlord  
  113  7:23  Overlord  
  113  7:26  Roach  
  113  7:27  Roach  
  115  7:30  Roach x2  
  115  7:31  Roach  
  121  7:39  Overlord  
  121  7:42  Roach x4  
  129  7:44  Zerg Ground Armor Level 1  
  129  7:47  Roach  
  129  7:48  Roach  
  133  7:51  Roach x2  
  133  7:53  Roach  
  139  7:59  Drone x3  
  144  8:05  Roach  
  144  8:06  Roach x5  
  153  8:15  Roach x5  
  163  8:20  Roach  
  163  8:21  Roach x2  
  163  8:22  Overlord  
  163  8:24  Roach  
  170  8:38  Roach  
  170  8:39  Roach x7  
  165  8:45  Roach x3  
  163  8:49  Roach x2  
  163  8:55  Roach x2  
  151  8:59  Roach x3  
  151  9:05  Roach x5  
  151  9:09  Roach x2  
  147  9:11  Roach  
  147  9:12  Roach  
  147  9:15  Roach x2  
  153  9:18  Roach x2  
Tags
 
Add a new tag
Caveats
  • Supply blocks, unpowered buildings, or Contaminate may cause inaccurate times.
  • Supply counts are checked every 10 seconds.